AoeStats
← BigOleGiraffe

Arena

510058941Analyzed
2v2 RM · 4d ago on Sep 29, 2026· 43m 0s· 4 players
Game mode
Random Map
Map size
Medium (4 player)
Population
200
Speed
Normal
Resources
Standard
Victory
Conquest
Starting age
Dark Age
Ending age
Imperial Age
RankedLock teamsTeams togetherTeam positionsShared explorationLock speedFull tech treeHidden civsTurbo modeCheats
Victory
Defeat
🇨🇦 Varangians · Canada
1042
+9
🇨🇦 Danes · Canada
966
+12
🇳🇱 Franks · Netherlands
927
-20
🇧🇪 Chinese · Belgium
843
-20
bunyamin the terrible
8:09 Loom
11:16 Feudal Age
12:54 Double-Bit Axe
13:42 Gold Mining
16:05 Horse Collar
19:59 Castle Age
Azog the Defiler
10:19 Feudal Age
12:33 Double-Bit Axe
19:37 Castle Age
21:02 Scale Barding Armor
21:08 Forging
31:49 Iron Casting
31:35 Chain Barding Armor
37:40 Husbandry
BigOleGiraffe
10:32 Feudal Age
12:32 Wheelbarrow
12:11 Double-Bit Axe
16:33 Castle Age
14:48 Horse Collar
15:52 Gold Mining
16:45 Fletching
20:35 Ballistics
21:46 Bodkin Arrow
23:42 Padded Archer Armor
27:29 Scale Mail Armor
28:54 Leather Archer Armor
31:09 Heavy Plow
35:11 Imperial Age
33:08 Gambesons
33:24 Squires
35:59 Bracer
37:02 Chemistry
35:24 Cranequins
38:11 Heavy Mounted Crossbowman
40:50 Ring Archer Armor
40:04 Pikeman
40:30 Arson
41:48 Hand Cart
41:19 Loom
41:42 Halberdier
43:06 Forging
42:53 Capped Ram
vince.dion123
10:32 Feudal Age
14:49 Castle Age
13:01 Double-Bit Axe
13:16 Loom
14:25 Horse Collar
24:58 Scale Mail Armor
30:25 Chain Mail Armor
31:00 Squires
31:32 Forging
32:14 Heavy Plow
39:50 Imperial Age
38:12 Arson
40:28 Bow Saw
40:10 Town Watch
41:01 Wheelbarrow
42:10 Plate Mail Armor
42:15 Iron Casting
41:44 Gold Mining
41:45 Stone Mining
42:51 Conscription
41:55 Hamask
42:54 Murder Holes
Connection lost

Rejoining the realm…

Still unreachable

The connection could not be restored.

Session expired

The server has moved on; the page needs a fresh start.